 Dungeon Sprint DCSS version 0.20.1-1-g8b1a95d (webtiles) character file.

99 wojtek the Cudgeler (level 4, -9/66 HPs)
             Began as a Minotaur Berserker on Jan 2, 2018.
             Was a Believer of Trog.
             Mangled by a merfolk siren
             ... wielding a +0 spear
              (11 damage)
             ... in the Dungeon (Sprint II: "The Violet Keep of Menkaure").
             The game lasted 00:00:16 (53 turns).

wojtek the Cudgeler (Minotaur Berserker)              Turns: 53, Time: 00:00:17

Health: -9/66      AC:  2    Str: 27    XL:     4   Next: 45%
Magic:  3/3        EV: 14    Int:  4    God:    Trog [**....]
Gold:   243        SH:  0    Dex: 10    Spells: 3/3 levels left

rFire    . . .     SeeInvis .   a - +0 mace
rCold    . . .     Gourm    .   (no shield)
rNeg     . . .     Faith    .   b - +0 animal skin
rPois    .         Spirit   .   (helmet restricted)
rElec    .         Reflect  .   (no cloak)
rCorr    .         Harm     .   (no gloves)
MR       .....     NoTele   +   (no boots)
Stlth    ..........             (no amulet)
Regen    0.3/turn               (no ring)
MPRegen  0.1/turn               (no ring)

@: berserking, very quick
A: retaliatory headbutt, horns 2
a: Berserk, Trog's Hand, Burn Spellbooks, Renounce Religion


You were in the Dungeon.
You worshipped Trog.
Trog was pleased with you.
You were not hungry.

You visited 1 branch You collected 243 gold pieces.

Inventory:

Hand Weapons
 a - a +0 mace (weapon)
Armour
 b - a +0 animal skin (worn)
Scrolls
 i - a scroll of blinking
Potions
 d - a potion of curing
 e - a potion of heal wounds
 f - a potion of haste
 g - 2 potions of magic
 h - a potion of berserk rage
Comestibles
 c - a bread ration


   Skills:
 + Level 5.9 Fighting
 * Level 7.6 Maces & Flails
 + Level 5.2 Armour
 + Level 4.9 Dodging


You had 3 spell levels left.
You didn't know any spells.

Dungeon Overview and Level Annotations

Branches:
Dungeon (1/1)

Altars:


Innate Abilities, Weirdness & Mutations

You reflexively headbutt those who attack you in melee.
You have a pair of horns on your head.


Message History

Your Maces & Flails skill gained 2 levels and is now at level 7!
Your Armour skill gained 2 levels and is now at level 5!
Your Dodging skill increases to level 4!
You have reached level 3!
Your experience leads to an increase in your attributes!
Your base attributes are Str 21, Int 4, Dex 9.
Increase (S)trength, (I)ntelligence, or (D)exterity?
You feel stronger.
You have reached level 4!
You feel agile.
The merfolk siren hits you from afar with a spear.
* * * LOW HITPOINT WARNING * * *
You sock the merfolk siren! Your headbutt misses the merfolk siren.
The merfolk siren is moderately wounded.
The merfolk siren hits you with a spear!
* * * LOW HITPOINT WARNING * * *
You closely miss the merfolk siren. Your headbutt misses the merfolk siren.
The merfolk siren is moderately wounded.
The merfolk siren hits you with a spear!
You die...

#+##
###..##
#.##..#
##.#.## #
##'## .##
##.##...#
+.<@m.#
##.##...#
#+# .## #


You could see a merfolk siren.

Vanquished Creatures
  Menkaure (D)
  3 worms (D)
4 creatures vanquished.

Vanquished Creatures (others)
  A crocodile (D)
1 creature vanquished.

Grand Total: 5 creatures vanquished

Notes
Turn   | Place    | Note
-------+----------+-------------------------------------------
     0 | D        | wojtek the Minotaur Berserker began the quest for the Orb.
     0 | D        | Reached XP level 1. HP: 19/19 MP: 0/0
     7 | D        | Reached skill level 4 in Maces & Flails
    12 | D        | Reached ** piety under Trog
    12 | D        | Reached skill level 5 in Maces & Flails
    12 | D        | Reached XP level 2. HP: 21/27 MP: 1/1
    26 | D        | Killed a crocodile
    46 | D        | Noticed Menkaure
    48 | D        | Noticed a merfolk siren
    50 | D        | Killed Menkaure
    50 | D        | Reached skill level 5 in Fighting
    50 | D        | Reached skill level 7 in Maces & Flails
    50 | D        | Reached skill level 5 in Armour
    50 | D        | Reached XP level 3. HP: 10/37 MP: 2/2
    50 | D        | Reached XP level 4. HP: 12/44 MP: 3/3
    52 | D        | HP: 2/66 [merfolk siren/spear (8)]
    53 | D        | Mangled by a merfolk siren

Skill      XL: |  1  2 |
---------------+-------+-----
Maces & Flails | 5 7 |  7.6
Fighting       | 4 5 |  5.9
Armour         | 3 5 |  5.2
Dodging        | 3 4 |  4.9

Action                   |  1- 3 |  4- 6 || total
-------------------------+-------+-------++-------
Melee: Mace              |    11 |     2 ||    13
       Headbutt          |     4 |       ||     4
Invok: Berserk           |     1 |       ||     1
Dodge: Dodged            |     3 |       ||     3
